 Dungeon Crawl Stone Soup version 0.27.1-34-g3ba077fa99 (webtiles) character file.

Game seed: 17109230009807884869

79 pkoi the Ruffian (level 4, -6/40 HPs)
             Began as a Draconian Monk on Jan 7, 2022.
             Mangled by Ijyb (9 damage)
             ... on level 3 of the Dungeon.
             The game lasted 00:03:12 (2591 turns).

pkoi the Ruffian (Draconian Monk)                   Turns: 2591, Time: 00:03:12

Health: -6/40      AC:  5    Str: 14    XL:     4   Next: 17%
Magic:  4/4        EV: 12    Int: 11    God:
Gold:   79         SH:  0    Dex: 13    Spells: 3/3 levels left

rFire    . . .     SeeInvis .     - Unarmed
rCold    . . .     Faith    .   (no shield)
rNeg     . . .     Spirit   .   (armour unavailable)
rPois    .         Reflect  .   (helmet restricted)
rElec    .         Harm     .   (no cloak)
rCorr    .         Rampage  .   (no gloves)
Will     .....                  (no boots)
Stlth    ++........             (no amulet)
HPRegen  0.13/turn              (no ring)
MPRegen  0.09/turn              (no ring)

@: attractive, hasted, very quick
A: AC +5, unfitting armour, cold-blooded, sense surroundings 1, wild magic 1
a: no special abilities


You were on level 3 of the Dungeon.
You visited 1 branch of the dungeon, and saw 3 of its levels.

You collected 79 gold pieces.

Inventory:

Hand Weapons
 f - a +0 dagger
 p - a +1 short sword of speed
Missiles
 n - 13 poisoned darts (quivered)
Scrolls
 a - a scroll of noise {unknown}
 b - a scroll of summoning {unknown}
 c - 2 scrolls of teleportation {unknown}
 g - 3 scrolls of identify {unknown}
 h - a scroll of fear {unknown}
 i - a scroll of immolation {unknown}
 m - a scroll of enchant weapon {unknown}
Potions
 e - a potion of mutation
 q - a potion of flight {unknown}


   Skills:
 - Level 4.0 Fighting
 - Level 3.0 Dodging
 - Level 1.7 Stealth
 + Level 4.4 Unarmed Combat


You had 3 spell levels left.
You didn't know any spells.
Your spell library contained the following spells:

 Spells                   Type           Power      Damage    Failure   Level
 Corona                   Hex            0%         N/A       43%         1
 Ensorcelled Hibernation  Hex/Ice        0%         N/A       56%         2
 Tukima's Dance           Hex            0%         N/A       78%         3


Dungeon Overview and Level Annotations

Branches:
Dungeon (3/15)

Altars:
Uskayaw

Shops:
D:1 [

Annotations:
D:3 Ijyb


Innate Abilities, Weirdness & Mutations

Your plain brown scales are hard. (AC +5)
You cannot fit into any form of body armour.
You are cold-blooded and may be slowed by cold attacks.
You passively map a small area around you.
Your spells are a little harder to cast, but a little more powerful.


Message History

You are too injured to fight recklessly!
You are too injured to fight recklessly!
You are too injured to fight recklessly!
You are too injured to fight recklessly!
You are too injured to fight recklessly!
You are too injured to fight recklessly!
You are too injured to fight recklessly!
Unknown command.
You aren't carrying any items that you can evoke.
It was a potion of ambrosia.
You are confused.
You feel invigorated.
It was a potion of brilliance.
You feel clever all of a sudden.
Ijyb drinks a potion.
Ijyb seems to grow stronger.
It was a potion of cancellation.
Your magical effects are unravelling.
You feel magically purged.
You feel less invigorated.
You feel less confused.
You feel a little less clever now.
You are no longer corroded.
Ijyb zaps a wand.
The bolt of acid hits the rat!!
The rat is splashed with acid.
The acid corrodes the rat!
The rat dies!
The bolt of acid hits you!
* * * LOW HITPOINT WARNING * * *
You are splashed with acid!
* * * LOW HITPOINT WARNING * * *
It was a potion of haste.
You feel yourself speed up.
You hit Ijyb.
Ijyb is lightly wounded.
The endoplasm barely misses you.
You hit Ijyb.
Ijyb is moderately wounded.
Ijyb hits you with a +0 club.
* * * LOW HITPOINT WARNING * * *
The endoplasm closely misses you.
It was a potion of attraction.
You feel attractive to monsters. Ijyb hits you with a +0 club!
You die...

, * #..# #.## #.# * #.# *
#.# , ##########.######
*#* * #................
*#...####.####.##........
......g@......##....####
......J#.##########.# *
......##.# .# #...## #.#
.# #.. #.# * .# #. #.. ,
, , #, ###* * *


You could see Ijyb (strong) and an endoplasm.

Vanquished Creatures
  2 adders (D:3)
  2 worms (D:3)
  3 orcs (D:3)
  4 ball pythons
  5 endoplasms
  2 giant cockroaches
  8 goblins
  5 hobgoblins
  3 jackals (D:2)
  2 kobolds
  A quokka (D:3)
  3 bats
  2 frilled lizards (D:1)
  5 rats
47 creatures vanquished.

Vanquished Creatures (others)
  A rat (D:3)
1 creature vanquished.

Grand Total: 48 creatures vanquished

Notes
Turn   | Place    | Note
-------+----------+-------------------------------------------
     0 | D:1      | pkoi the Draconian Monk began the quest for the Orb.
     0 | D:1      | Reached XP level 1. HP: 19/19 MP: 1/1
   178 | D:1      | Reached XP level 2. HP: 25/26 MP: 2/2
   740 | D:1      | Found Gimieryi's Antique Armour Shop.
   894 | D:2      | Reached XP level 3. HP: 20/31 MP: 3/3
  1321 | D:2      | Found a faded altar of an unknown god.
  1839 | D:3      | Found a hide-covered altar of Uskayaw.
  2084 | D:3      | HP: 1/33 [poisoned by an adder]
  2085 | D:3      | Gained mutation: You passively map a small area around you.
                  | [potion of mutation]
  2085 | D:3      | Gained mutation: Your spells are a little harder to cast,
                  | but a little more powerful. [potion of mutation]
  2285 | D:3      | Reached XP level 4. HP: 39/40 MP: 4/4
  2581 | D:3      | Noticed Ijyb
  2591 | D:3      | Mangled by Ijyb

Illustrated notes

Levels and vault maps discovered:
D:1:      lightli_arrival_lavapool, layout_rooms, serial_shops,
          nicolae_shop_crystal
D:2:      layout_basic, ebering_ecumenical_altar_sacrificial
D:3:      layout_loops_ring, trog_butcher_becter,
          nicolae_uskayaw_murder_on_the_dancefloor, uniq_ijyb, uniq_purgy

Skill      XL: |  1  2  3 |
---------------+----------+-----
Dodging        | 3 |  3.0
Unarmed Combat | 4 |  4.4
Fighting       | 4 |  4.0
Stealth        | |  1.7

Action                   |  1- 3 |  4- 6 || total
-------------------------+-------+-------++-------
Melee: Unarmed           |   175 |    16 ||   191
       Tailslap          |    17 |     4 ||    21
       Punch             |     3 |       ||     3
  Use: Potion            |     2 |     5 ||     7
 Stab: Sleeping          |     3 |     1 ||     4
Armor: Skin              |    42 |     1 ||    43
Dodge: Dodged            |   114 |     6 ||   120
